 Dungeon Crawl Stone Soup version 0.32-a0-791-gfc315c9ecd (webtiles) character file.

Game seed: 4514933097382096046

10874 Facevaulter the Mimic (level 11, -1/100 HPs)
             Began as a Red Draconian Necromancer on Mar 20, 2024.
             Was an Initiate of Ru.
             Slain by a komodo dragon (6 damage)
             ... on level 8 of the Dungeon on Mar 21, 2024.
             The game lasted 00:28:25 (14647 turns).

Facevaulter the Mimic (Red Draconian Necromancer)  Turns: 14647, Time: 00:28:26

Health: -1/100     AC: 16    Str: 23    XL:     11   Next: 41%
Magic:  24/24      EV:  7    Int: 23    God:    Ru [......]
Gold:   242        SH:  0    Dex: 14    Spells: 12/16 levels left

rFire   + + +        q - melded +3 dagger (drain)
rCold   x . .        (shield currently unavailable)
rNeg    . . .        (body armour unavailable)
rPois   +            (helmet currently unavailable)
rElec   .            (cloak currently unavailable)
rCorr   .            l - melded +0 pair of gloves
SInv    .            a - melded +2 pair of boots
Will    .....        E - amulet of the acrobat
Stlth   ++           k - +4 ring of protection
HPRegen 0.36/turn    b - ring of Pechem {rPois rF+ MP+9 Str+2 Int+6}
MPRegen 0.19/turn

%: acrobat
@: dragon-form, flying
A: dragon claw, dragon scales, flying, boosted hp, combustion breath, AC +7,
giant, unfitting armour, (fire resistance 1), (cold-blooded)
a: Breathe Fire, Combustion Breath, Begin Untransformation, Renounce Religion


You were on level 8 of the Dungeon.
You worshipped Ru.
Ru was noncommittal.
You were a fearsome fire dragon!
You visited 3 branches of the dungeon, and saw 12 of its levels.

You collected 385 gold pieces.
You spent 143 gold pieces at shops.

Inventory:

Hand Weapons
 e - a +1 dagger of holy wrath
 q - a +3 dagger of draining (melded)
Missiles
 t - 2 curare-tipped darts
 A - 3 throwing nets
Armour
 a - a +2 pair of boots (melded)
 l - a +0 pair of gloves (melded)
Magical Staves
 f - a staff of conjuration {!a}
Jewellery
 b - the ring of Pechem (right foreclaw) {rPois rF+ MP+9 Str+2 Int+6}
   (You acquired it on level 7 of the Dungeon)

   [ring of intelligence]

   Str+2:     It affects your strength (+2).
   Int+6:     It affects your intelligence (+6).
   rF+:       It protects you from fire.
   rPois:     It protects you from poison.
   MP+9:      It affects your magic capacity (+9).
 k - a +4 ring of protection (left foreclaw)
 r - a ring of willpower
 w - an amulet of faith
 E - an amulet of the acrobat (around neck)
 F - an amulet of magic regeneration
 H - a ring of wizardry
Talismans
 n - a dragon-blood talisman (active)
Wands
 m - a wand of warping (10)
 C - a wand of paralysis (7)
 I - a wand of mindburst (6)
Scrolls
 g - 3 scrolls of immolation
 i - 4 scrolls of teleportation {@r3}
 j - 4 scrolls of revelation {@r5}
 p - 3 scrolls of poison
 s - 3 scrolls of identify {@r1}
 v - 2 scrolls of amnesia {unknown}
 x - a scroll of enchant weapon {unknown}
 y - 2 scrolls of noise {unknown}
Potions
 c - 3 potions of mutation
 d - 5 potions of curing {@q2}
 h - 2 potions of enlightenment
 o - 2 potions of invisibility {unknown}
 u - 2 potions of might {@q3}
 z - a potion of lignification {unknown}
 B - a potion of resistance {unknown}
 D - a potion of attraction {unknown}
 G - a potion of haste {unknown}


   Skills:
 + Level 3.0 Fighting
 + Level 3.3 Dodging
 - Level 3.2 Stealth
 * Level 1.3 Unarmed Combat
 - Level 3.2 Spellcasting
 - Level 4.8 Necromancy
 - Level 6.3 Air Magic
 + Level 14.1 Shapeshifting


You had 12 spell levels left.
You knew the following spells:

 Your Spells              Type           Power      Damage    Failure   Level
a - Necrotise             Necr           100%       1d9       1%          1
s - Swiftness             Air            32%        N/A       2%          3

Your spell library contained the following spells:

 Spells                   Type           Power      Damage    Failure   Level
 Fugue of the Fallen      Necr           26%        N/A       4%          3
 Vampiric Draining        Necr           26%        2d7       4%          3
 Animate Dead             Necr           26%        N/A       16%         4
 Ensorcelled Hibernation  Hex/Ice        6%         N/A       17%         2
 Call Canine Familiar     Summ           3%         N/A       34%         3
 Ozocubu's Armour         Ice            3%         N/A       34%         3
 Passwall                 Erth           3%         N/A       34%         3
 Sigil of Binding         Hex            3%         N/A       34%         3
 Curse of Agony           Necr           26%        N/A       38%         5
 Dimensional Bullseye     Hex/Tloc       1%         N/A       75%         4
 Manifold Assault         Tloc           3%         N/A       75%         4


Dungeon Overview and Level Annotations

Branches:
Dungeon (10/15)            Temple (1/1) D:4            Lair (1/5) D:8
    Orc: D:9-12

Altars:
Ashenzari
Cheibriados
Dithmenos
Elyvilon
Fedhas
Gozag
Hepliaklqana
Kikubaaqudgha
Makhleb
Nemelex Xobeh
Okawaru
Qazlal
Ru
Sif Muna
Trog
Uskayaw
Vehumet
Wu Jian
Xom
Yredelemnul
Zin
The Shining One

Shops:
D:5 !   D:8 *

Annotations:
D:10 3 runed translucent doors, Domino's ghost, novice MDFi


Innate Abilities, Weirdness & Mutations

You are a fearsome fire dragon!
You have a powerful clawing attack.
Your giant scaled body is strong and resilient, but less evasive.
Your breath weapon is enhanced in this form.
You are flying.
Your maximum health is increased.
Your armour is entirely melded.
You are incapable of wielding weapons or throwing items.
You can breathe blasts of explosive embers.
Your fiery red scales are hard. (AC +7)
You cannot fit into any form of body armour.
((Your flesh is heat resistant. (rF+)))
((You are cold-blooded and may be slowed by cold attacks.))


Message History

There is a staircase to the Lair here.
You bite the komodo dragon!!
The komodo dragon is heavily wounded.
The bullfrog barely misses you. The cane toad stings you.
The komodo dragon bites you but does no damage.
The cane toad stings you. The bullfrog barely misses you.
You claw the komodo dragon!
The komodo dragon is severely wounded.
The komodo dragon bites you!! The bullfrog hits you.
The cane toad barely misses you.
You hit the komodo dragon but do no damage.
You bite the komodo dragon, but do no damage.
The komodo dragon is severely wounded.
The bullfrog hits you but does no damage.
The komodo dragon closely misses you. The cane toad stings you!
Unknown command.
You completely miss the komodo dragon.
The komodo dragon is severely wounded.
The bullfrog hits you. The komodo dragon bites you!
* * * LOW HITPOINT WARNING * * *
The bullfrog hits you.
* * * LOW HITPOINT WARNING * * *
The cane toad stings you.
* * * LOW HITPOINT WARNING * * *
Unknown command.
Aiming: Combustion Breath
Press: ? - help, Shift-Dir - straight line, f - cane toad
Aim: a cane toad (87% to hit)
You breathe a blast of explosive embers.
The explosive embers hits the cane toad.
The embers explode!
The fiery explosion hits the cane toad!
The cane toad is moderately wounded.
The fiery explosion hits the komodo dragon!
The komodo dragon is almost dead.
The fiery explosion hits the bullfrog!
The bullfrog is severely wounded.
The bullfrog hits you but does no damage.
The komodo dragon bites you.
You die...
Ru respects your ultimate sacrifice.

##........# ####...[.#####......
##.......####.......### #####..
#..[....##...P..[....#### ♣♣...
#.......#.....P.........#♣♣....
#...))..#.............#.#♣∩.⌠..
#.....#...............###♣♣....
##.###....P...####..P..### ♣♣...
##..##.........#lF'.....#.#####..
.......#.#.....#DF#...P...#..##..
...#####.#.....####.....####.##..
.### ##.............P).# #.####
.## #...........P....## #....#
..#####.#...P..........######....
..##.....#.............######....
.......................#.........
....)............................
...........[..............###.###


You could see a komodo dragon, a cane toad and a bullfrog.

Vanquished Creatures
  Erica (D:10)
  An elephant (D:8)
  A gargoyle (D:10)
  A cane toad (Lair:1)
  An unseen horror (D:10)
  A komodo dragon (D:8)
  Maggie (D:8)
  Sigmund (D:5)
  5 slime creatures (D:10)
  A wraith (D:10)
  18 yaks
  Grum (D:8)
  A steam dragon (D:8)
  3 acid dragons
  A water moccasin (D:5)
  Duvessa (D:4)
  4 orc warriors
  3 ice beasts
  A sky beast (D:8)
  5 ogres
  2 centaurs
  3 phantoms
  4 wolves (D:8)
  6 bullfrogs
  3 gnoll sergeants
  Dowan (D:4)
  7 killer bees
  2 howler monkeys
  An electric eel (D:10)
  2 bombardier beetles
  A jelly (D:7)
  6 orc priests
  4 hounds
  2 gnoll boudas
  Jessica (D:2)
  An iguana (D:5)
  Natasha (thrice) (D:3)
  4 orc wizards
  Robin (D:3)
  18 gnolls
  2 adders
  2 shadow imps (D:7)
  3 white imps
  2 ufetubi (D:5)
  3 dart slugs
  2 ribbon worms (D:3)
  28 orcs
  5 bats
  3 endoplasms
  A giant cockroach (D:1)
  12 goblins
  7 hobgoblins
  6 quokkas
  4 ball pythons
  5 frilled lizards
  7 kobolds
  6 rats
222 creatures vanquished.

Vanquished Creatures (collateral kills)
  A bullfrog (D:8)
  A gnoll (D:4)
  An orc (D:5)
  A goblin (D:3)
  A hobgoblin (D:4)
5 creatures vanquished.

Grand Total: 227 creatures vanquished

Notes
Turn   | Place    | Note
-------+----------+-------------------------------------------
     0 | D:1      | Facevaulter the Draconian Necromancer began the quest for
                  | the Orb.
     0 | D:1      | Reached XP level 1. HP: 14/14 MP: 3/3
   370 | D:1      | Reached XP level 2. HP: 22/22 MP: 0/5
   922 | D:1      | Reached skill level 1 in Fighting
  1041 | D:1      | Reached XP level 3. HP: 19/28 MP: 1/6
  1643 | D:2      | Noticed Jessica
  1649 | D:2      | Killed Jessica
  1650 | D:2      | Reached XP level 4. HP: 35/35 MP: 1/7
  2280 | D:3      | Noticed Robin
  2283 | D:3      | Noticed Natasha
  2442 | D:3      | Killed Natasha
  2443 | D:3      | Reached XP level 5. HP: 41/41 MP: 4/9
  2565 | D:3      | Noticed Natasha
  2576 | D:3      | Killed Natasha
  2822 | D:3      | Noticed Natasha
  2830 | D:3      | Killed Natasha
  2955 | D:3      | Killed Robin
  3101 | D:3      | Found a faded altar of an unknown god.
  3496 | D:3      | Learned a level 3 spell: Swiftness
  3528 | D:4      | Noticed Duvessa
  3560 | D:4      | Killed Duvessa
  3561 | D:4      | Reached skill level 1 in Air Magic
  3561 | D:4      | Reached XP level 6. HP: 15/50 MP: 4/10
  3703 | D:4      | Noticed Dowan
  3716 | D:4      | Killed Dowan
  3971 | D:4      | Reached skill level 1 in Shapeshifting
  4408 | D:4      | Your scales start taking on a fiery red colour.
  4408 | D:4      | Reached XP level 7. HP: 56/56 MP: 6/11
  4408 | D:4      | Gained mutation: Your flesh is heat resistant. (rF+) [Red
                  | Draconian growth]
  4605 | D:4      | Found a staircase to the Ecumenical Temple.
  5006 | D:5      | Entered Level 5 of the Dungeon
  5348 | D:5      | Reached skill level 2 in Shapeshifting
  5752 | D:5      | Found Luef's Distillery.
  5759 | D:5      | Bought 2 potions of might for 104 gold pieces
  5759 | D:5      | Bought a potion of curing for 39 gold pieces
  5911 | D:5      | Reached skill level 5 in Air Magic
  6065 | D:5      | Reached skill level 3 in Shapeshifting
  6065 | D:5      | Reached XP level 8. HP: 57/62 MP: 12/12
  6124 | D:5      | Noticed Sigmund
  6135 | D:5      | Killed Sigmund
  6589 | D:6      | Reached skill level 4 in Shapeshifting
  6820 | D:6      | Reached skill level 5 in Shapeshifting
  6926 | D:6      | Identified the +1 war axe of Termination {pain, *Rage rC-
                  | Int+5 SInv}
  6942 | D:6      | Reached skill level 6 in Shapeshifting
  7461 | D:6      | Found an iron altar of Okawaru.
  8055 | D:7      | Reached XP level 9. HP: 62/68 MP: 13/13
  8226 | D:7      | Reached skill level 7 in Shapeshifting
  9143 | D:7      | Reached skill level 8 in Shapeshifting
  9362 | D:8      | Found Engid's Fire Supplies.
  9385 | D:8      | Found an ancient bone altar of Kikubaaqudgha.
  9498 | D:8      | Noticed Maggie
  9511 | D:8      | Noticed an elephant
  9650 | D:8      | Noticed Grum
  9833 | D:8      | Killed Grum
  9834 | D:8      | Reached skill level 9 in Shapeshifting
 10038 | D:8      | Noticed a komodo dragon
 10047 | D:8      | Found a stormy altar of Qazlal.
 10505 | D:8      | Killed a komodo dragon
 10506 | D:8      | Reached skill level 10 in Shapeshifting
 10676 | D:8      | Reached XP level 10. HP: 68/74 MP: 3/14
 10868 | Temple   | Entered the Ecumenical Temple
 10953 | Temple   | Became a worshipper of Ru the Awakened
 11132 | D:7      | Identified a scroll of acquirement
 11132 | D:7      | Acquired the ring of Pechem {rPois rF+ MP+9 Str+2 Int+6}
 11222 | D:8      | Killed Maggie
 11234 | D:8      | Killed an elephant
 11235 | D:8      | Reached skill level 11 in Shapeshifting
 11502 | D:8      | Found a staircase to the Lair.
 12041 | D:9      | Found a hide-covered altar of Uskayaw.
 12321 | D:9      | Found a snail-covered altar of Cheibriados.
 12957 | D:10     | Entered Level 10 of the Dungeon
 12963 | D:10     | Noticed a gargoyle
 12994 | D:10     | Reached skill level 12 in Shapeshifting
 13001 | D:10     | Killed a gargoyle
 13251 | D:10     | Found a white marble altar of Elyvilon.
 13303 | D:10     | Reached skill level 13 in Shapeshifting
 13656 | D:10     | Found a runed translucent gate.
 13656 | D:10     | Found a runed translucent gate.
 13656 | D:10     | Found a runed translucent gate.
 13660 | D:10     | Noticed Domino's ghost (novice MDFi)
 13662 | D:10     | Noticed a nine-headed hydra
 13682 | D:10     | Noticed Erica
 13692 | D:10     | Reached XP level 11. HP: 81/81 MP: 15/15
 13701 | D:10     | Killed Erica
 13940 | D:10     | Reached skill level 14 in Shapeshifting
 14459 | D:10     | Found a blossoming altar of Fedhas.
 14634 | Lair:1   | Entered Level 1 of the Lair of Beasts
 14641 | Lair:1   | Reached skill level 1 in Unarmed Combat
 14646 | D:8      | HP: 5/100 [cane toad (6)]
 14647 | D:8      | Slain by a komodo dragon

Illustrated notes

Levels and vault maps discovered:
D:1:      minmay_arrival_wavy_path, layout_loops_ring
D:2:      layout_basic, fountainhead, minivault_25, dk_noncrumbling_3,
          uniq_jessica
D:3:      layout_rooms, dreamdust_ecumenical_altar_hidden_monk_grotto,
          grunt_ministairs_13, chequers_serial_rivers_small_b, chequers_garden,
          uniq_natasha, uniq_robin
D:4:      layout_basic, minmay_temple_entry_tees, chequers_big_river,
          uniq_duvessa
D:5:      layout_basic, serial_shops, nicolae_shop_industrial_runoff,
          uniq_sigmund
D:6:      layout_basic, marbit_many_paths, nicolae_grassy_gnolls
D:7:      layout_cave_pods, serial_park, serial_park_paths
          [serial_park_minivault_5x5_1], serial_park_square2, serial_park_gazebo
          [serial_park_minivault_5x5_6], serial_park_tiny_2
D:8:      layout_rooms, nicolae_qazlal_general_emergency,
          nicolae_kikubaaqudgha_miasma_corner, grunt_lair_entry_orc_guard_hut,
          nicolae_shop_fire_sale [nicolae_sub_dead_trees], uniq_maggie,
          uniq_grum
D:9:      layout_roguey, slow_altar_1, mainiacjoe_overflow_alcove_2,
          chequers_decorated_corner
D:10:     layout_loops_ring, mainiacjoe_overflow_24_doors, fedhas_altar_4,
          gammafunk_ghost_hydra_chop, nicolae_water_bricks,
          nicolae_zig_zag_zippers, uniq_erica
Temple:   nicolae_temple_superstar
Lair:1:   layout_big_grid

Skill      XL: |  1  2  3  4  5  6  7  8  9 10 11 |
---------------+----------------------------------+-----
Stealth        | 2 3 |  3.2
Dodging        | 2 3 |  3.3
Fighting       | 1 2 3 |  3.0
Spellcasting   | 3 |  3.2
Air Magic      | 1 2 5 6 |  6.3
Shapeshifting  | 1 3 6 10 13 14 | 14.1
Unarmed Combat | 1 |  1.3
Necromancy     | |  4.8

Action                     |  1- 3 |  4- 6 |  7- 9 | 10-12 || total
---------------------------+-------+-------+-------+-------++-------
  Melee: Dagger            |     2 |    36 |   217 |    11 ||   266
         Tailslap          |       |     3 |    26 |    21 ||    50
         Unarmed           |       |       |       |   116 ||   116
         Bite              |       |       |       |    13 ||    13
         Punch             |       |       |       |     2 ||     2
   Cast: Necrotise         |    62 |   155 |   365 |   140 ||   722
 Invoke: Reject Sacrifices |       |       |       |     1 ||     1
Ability: Combustion Breath |       |       |     4 |     3 ||     7
         Breathe Fire      |       |       |       |     2 ||     2
    Use: Potion            |       |     1 |       |       ||     1
         Scroll            |       |       |     5 |     6 ||    11
   Stab: Distracted        |     1 |       |     1 |     1 ||     3
         Sleeping          |       |       |     1 |     1 ||     2
 Armour: Skin              |    18 |    84 |   344 |   198 ||   644
  Dodge: Dodged            |     7 |    80 |   328 |   139 ||   554
   Form: Dragon            |       |       |       |     2 ||     2
                           |       |       |       |     1 ||     1

Table legend: (Time is in decaauts)
 A = Elapsed time spent in this place.
 B = Non-inter-level travel time spent in this place.
 C = Inter-level travel time spent in this place.
 D = Time resting spent in this place.
 E = Time spent auto-exploring this place.
 F = Levels seen in this place.
 G = Mean time per level.
                   A        B        C        D        E       F      G
               +--------+--------+--------+--------+--------+-----+--------+
         Total |  14721 |  13724 |    997 |   2421 |   9061 |  12 | 1226.8 |
       Dungeon |  14604 |  13715 |    889 |   2421 |   9061 |  10 | 1460.4 |
        Temple |    108 |      2 |    106 |      0 |      0 |   1 |  108.0 |
          Lair |      7 |      7 |      0 |      0 |      0 |   1 |    7.0 |
               +--------+--------+--------+--------+--------+-----+--------+

Top non-repeatable levels by time:
     D:8: 1983 daAuts
     D:7: 1710 daAuts
    D:10: 1654 daAuts
     D:5: 1544 daAuts
     D:4: 1519 daAuts
     D:3: 1446 daAuts
     D:6: 1423 daAuts
     D:1: 1233 daAuts
     D:9: 1132 daAuts
     D:2: 955 daAuts
  Temple: 108 daAuts
  Lair:1: 7 daAuts
